 Dungeon Crawl Stone Soup version 0.26-a0-43-g20b394cb32 (webtiles) character file.

Game seed: 1335577408494538480

33 Napalmbreeze the Skirmisher (level 3, -3/30 HPs)
             Began as a Demonspawn Chaos Knight on June 2, 2020.
             Was a Plaything of Xom.
             Killed from afar by Sigmund (6 damage)
             ... with a magic dart
             ... on level 2 of the Dungeon.
             The game lasted 00:02:18 (1091 turns).

Napalmbreeze the Skirmisher (DsCK)                  Turns: 1091, Time: 00:02:19

Health: -3/30      AC:  5    Str: 13    XL:     3   Next: 12%
Magic:  3/3        EV: 11    Int: 13    God:    Xom [.*....]
Gold:   44         SH:  0    Dex: 12    Spells: 2/2 levels left

rFire    . . .     SeeInvis .   a - +0 hand axe (chaos)
rCold    . . .     Gourm    .   (no shield)
rNeg     . . .     Faith    .   b - +2 leather armour
rPois    .         Spirit   .   (no helmet)
rElec    .         Reflect  .   (no cloak)
rCorr    .         Harm     .   (no gloves)
MR       .....                  (no boots)
Stlth    +.........             (no amulet)
HPRegen  0.10/turn              (no ring)
MPRegen  0.08/turn              (no ring)

@: no status effects
A: rot immunity
a: Renounce Religion


You were on level 2 of the Dungeon.
You worshipped Xom.
You were a plaything of Xom.
You were hungry.

You visited 1 branch of the dungeon, and saw 2 of its levels.

You collected 44 gold pieces.

Inventory:

Hand Weapons
 a - a +0 hand axe of chaos (weapon)
Armour
 b - a +2 leather armour (worn)
Jewellery
 k - a +4 ring of protection {unknown}
Scrolls
 d - 2 scrolls of teleportation {unknown}
 f - a scroll of magic mapping {unknown}
 g - a scroll of remove curse {unknown}
 h - a scroll of fog {unknown}
 i - a scroll of enchant weapon {unknown}
 j - a scroll of enchant armour {unknown}
 m - a scroll of identify {unknown}
Comestibles
 c - 3 rations
 l - 3 chunks of flesh


   Skills:
 + Level 4.3 Fighting
 - Level 2.6 Axes
 - Level 1.7 Armour
 - Level 0.8 Dodging


You had 2 spell levels left.
You didn't know any spells.
Your spell library was empty.

Dungeon Overview and Level Annotations

Branches:
Dungeon (2/15)

Altars:
Nemelex Xobeh

Annotations:
D:2 Sigmund


Innate Abilities, Weirdness & Mutations

You are immune to rotting.


Message History

You barely miss something. You hit the rat. Lightning courses through the rat!!
You kill the rat!
Unknown command.
You hit something. Something hits you.
Unknown command.
You closely miss something.
Unknown command.
You hit something but do no damage.
You hear some strange, mumbled words.
A magic dart appears from out of thin air!
The magic dart hits you!
* * * LOW HITPOINT WARNING * * *
A shower of butterflies erupts from you!
Unknown command.
It was a potion of cancellation.
You feel magically purged.
Xom thinks this is hilarious!
You hear some strange, mumbled words.
A magic dart appears from out of thin air!
The magic dart hits you.
You die...

#.....#####.......
###........†..####..
#...###....#### ###
#.### ###..# #.##
#...# #..# #.#.#
##.## ...... #bb#
.......# ##@#
........ #..{§§#
#$.bb.# #b$...#
#.....# #......
#...... #.......


There were no monsters in sight!

Vanquished Creatures
  An ooze (D:1)
  A dart slug (D:1)
  3 giant cockroaches
  A goblin (D:1)
  A hobgoblin (D:1)
  2 jackals (D:1)
  3 kobolds
  2 quokkas (D:2)
  3 bats (D:1)
  5 frilled lizards (D:1)
  4 rats
26 creatures vanquished.

Vanquished Creatures (collateral kills)
  A goblin (D:2)
1 creature vanquished.

Grand Total: 27 creatures vanquished

Notes
Turn   | Place    | Note
-------+----------+-------------------------------------------
     0 | D:1      | Napalmbreeze the Demonspawn Chaos Knight began the quest
                  | for the Orb.
     0 | D:1      | Reached XP level 1. HP: 18/18 MP: 1/1
    30 | D:1      | XOM: smoke on damage
   215 | D:1      | Gained mutation: You are immune to rotting. [demonic
                  | ancestry]
   215 | D:1      | Reached XP level 2. HP: 21/24 MP: 2/2
   432 | D:1      | Found a sparkling altar of Nemelex Xobeh.
   648 | D:1      | Reached skill level 4 in Fighting
   992 | D:2      | XOM: cast spell 'Summon Ice Beast'
   997 | D:2      | Reached XP level 3. HP: 30/30 MP: 3/3
  1078 | D:2      | Noticed Sigmund
  1084 | D:2      | XOM: smoke on damage
  1090 | D:2      | XOM: butterfly on damage
  1091 | D:2      | Killed from afar by Sigmund

Illustrated notes

Levels and vault maps discovered:
D:1:      shiori_shiawase, layout_basic, nemelex_altar_shiori
D:2:      layout_rooms, elyvilon_altar_5, uniq_sigmund

Skill      XL: |  1  2 |
---------------+-------+-----
Fighting       | 4 |  4.3
Axes           | |  2.6
Armour         | |  1.7
Dodging        | |  0.8

Action                   || total
-------------------------++-------
Melee: Hand axe          ||    80
  Use: Potion            ||     1
Armor: Leather armour    ||    28
Dodge: Dodged            ||    39

Table legend:
 A = Non-vault XP
 B = Vault XP
 C = Vault XP percentage of total XP
 D = Non-vault monster count
 E = Vault monster count
 F = Vault count percentage of total count
                 A         B        C        D         E       F
            +---------+---------+-------+---------+---------+-------
      Total |      48 |       0 |   0.0 |      27 |       0 |   0.0
            +---------+---------+-------+---------+---------+-------
        D:1 |      35 |       0 |   0.0 |      19 |       0 |   0.0
        D:2 |      13 |       0 |   0.0 |       8 |       0 |   0.0
            +---------+---------+-------+---------+---------+-------
